 Dungeon Crawl Stone Soup version 0.23-b1-51-gfe822ef6ca (webtiles) character file.

Game seed: 8023072997906808906

336159 LostNumber the Warrior (level 20, -16/188 HPs)
             Began as a Yellow Draconian Conjurer on Feb 4, 2019.
             Was the Champion of Kikubaaqudgha.
             Killed from afar by a fire giant (50 damage)
             ... with a bolt of fire
             ... on level 2 of the Depths.
             The game lasted 03:16:17 (61993 turns).

LostNumber the Warrior (Yellow Draconian Conjurer) Turns: 61993, Time: 03:16:17

Health: -16/188    AC: 23    Str: 12    XL:     20   Next: 98%
Magic:  3/36       EV: 20    Int: 22    God:    Kikubaaqudgha [******]
Gold:   1442       SH: 20    Dex: 16    Spells: 7/44 levels left

rFire    . . .     SeeInvis .   f - +7 demon trident (pain)
rCold    . . .     Gourm    .   K - +2 shield {AC+3}
rNeg     . . .     Faith    .   (armour unavailable)
rPois    .         Spirit   .   v - +2 hat
rElec    .         Reflect  +   i - +2 cloak {+Inv}
rCorr    .         Harm     .   Y - +2 pair of gloves {Dex+3}
MR       ++...                  S - +1 pair of boots
Stlth    ++........             t - +5 amulet of reflection
HPRegen  0.41/turn              d - ring of protection from magic
MPRegen  0.25/turn              x - ring of wizardry

@: flayed, very slightly contaminated
A: spit acid, unfitting armour, acidic bite, cold-blooded, AC +10
}: 2/15 runes: decaying, gossamer
a: Breathe Acid, Receive Corpses, Torment, Renounce Religion, Evoke Invisibility


You were on level 2 of the Depths.
You worshipped Kikubaaqudgha.
Kikubaaqudgha was exalted by your worship.
You were not hungry.

You visited 7 branches of the dungeon, and saw 37 of its levels.
You visited 1 bazaar.
You also visited: Sewer and Ice Cave.

You collected 4189 gold pieces.
You spent 2747 gold pieces at shops.

Inventory:

Hand Weapons
 f - a +7 demon trident of pain (weapon)
Armour
 i - a +2 cloak of invisibility (worn)
 v - a +2 hat (worn)
 K - a +2 shield of protection (worn)
 S - a +1 pair of boots (worn)
 Y - a +2 pair of gloves of dexterity (worn)
Jewellery
 d - a ring of protection from magic (left hand)
 t - a +5 amulet of reflection (around neck)
 x - a ring of wizardry (right hand)
 z - an uncursed ring of see invisible
 D - the amulet of Kindness {Reflect *Slow rPois Str+2 SH+2}
   (You found it on level 9 of the Dungeon)

   [amulet of reflection]

   It shields you and reflects attacks.
   It affects your strength (+2).
   It protects you from poison.
   It may slow you when you take damage.
   It affects your SH (+2).
 R - an uncursed ring of protection from cold
Wands
 k - a wand of digging (11)
 o - a wand of clouds (3)
 w - a wand of flame (36)
 A - a wand of acid (10)
 C - a wand of enslavement (21)
 G - a wand of disintegration (25)
 L - a wand of paralysis (29)
 N - a wand of polymorph (7)
 W - a wand of iceblast (7)
Scrolls
 a - 11 scrolls of remove curse
 c - 2 scrolls of identify
 g - 5 scrolls of fog
 m - 6 scrolls of enchant armour
 r - 18 scrolls of teleportation
 s - 6 scrolls of amnesia
 y - 8 scrolls of blinking
 J - 4 scrolls of magic mapping
 O - 8 scrolls of fear
 Q - a scroll of silence
Potions
 e - 13 potions of heal wounds
 h - 6 potions of lignification
 j - 9 potions of brilliance
 n - 3 potions of berserk rage
 p - 2 potions of ambrosia
 q - 4 potions of haste
 u - 11 potions of might
 E - 3 potions of flight
 F - a potion of resistance
 H - 4 potions of agility
 I - 6 potions of mutation
 M - 9 potions of curing
 P - a potion of invisibility
 T - 2 potions of cancellation
Miscellaneous
 l - a phial of floods
 U - 2 phantom mirrors
Comestibles
 b - 32 rations


   Skills:
 + Level 18.2 Fighting
 - Level 14.0 Polearms
 + Level 11.2 Dodging
 - Level 1.7 Stealth
 - Level 15.0 Shields
 + Level 12.9 Spellcasting
 - Level 9.0 Conjurations
 - Level 2.0 Charms
 - Level 15.0 Necromancy
 - Level 10.0 Ice Magic
 - Level 8.0 Air Magic
 - Level 4.1 Earth Magic
 - Level 4.0 Evocations


You had 7 spell levels left.
You knew the following spells:

 Your Spells              Type           Power        Failure   Level  Hunger
a - Magic Dart            Conj           ####         1%          1    None
b - Searing Ray           Conj           ######       1%          2    None
c - Dispel Undead         Necr           ######..     1%          5    ###....
d - Iskenderun's Mystic   Conj           ######..     1%          4    None
e - Regeneration          Chrm/Necr      ######....   1%          3    None
f - Apportation           Tloc           ##....       1%          1    None
g - Borgnjor's Vile Clut  Necr/Erth      ######....   1%          5    ###....
h - Animate Dead          Necr           N/A          1%          4    None
i - Simulacrum            Ice/Necr       ######....   1%          6    #####..
j - Freezing Cloud        Conj/Ice/Air   ######....   7%          6    #####..

Your spell library contained the following spells:

 Spells                   Type           Power        Failure   Level  Hunger
 Animate Skeleton         Necr           N/A          0%          1    None
 Pain                     Necr           ####         0%          1    None
 Corpse Rot               Necr           N/A          0%          2    None
 Sublimation of Blood     Necr           ######....   0%          2    None
 Confusing Touch          Hex            ##....       1%          1    None
 Corona                   Hex            ##.....      1%          1    None
 Freeze                   Ice            ####         1%          1    None
 Infusion                 Chrm           ###.         1%          1    None
 Sting                    Conj/Pois      ####         1%          1    None
 Summon Butterflies       Summ           ##......     1%          1    None
 Summon Small Mammal      Summ           ##..         1%          1    None
 Ensorcelled Hibernation  Hex/Ice        #####.       1%          2    None
 Poisonous Vapours        Pois/Air       ####..       1%          2    None
 Shroud of Golubria       Chrm/Tloc      ###.......   1%          2    None
 Song of Slaying          Chrm           ###.....     1%          2    None
 Throw Flame              Conj/Fire      ####..       1%          2    None
 Throw Frost              Conj/Ice       ######       1%          2    None
 Conjure Flame            Conj/Fire      ####....     1%          3    None
 Dazzling Spray           Conj/Hex       ####..       1%          3    None
 Mephitic Cloud           Conj/Pois/Air  #####...     1%          3    None
 Ozocubu's Armour         Chrm/Ice       #####...     1%          3    None
 Stone Arrow              Conj/Erth      #####.       1%          3    None
 Vampiric Draining        Necr           ######....   1%          3    None
 Throw Icicle             Conj/Ice       ######..     1%          4    None
 Agony                    Necr           ######..     1%          5    ###....
 Lightning Bolt           Conj/Air       ######....   1%          5    ###....
 Death Channel            Necr           ######....   1%          6    #####..
 Blink                    Tloc           N/A          2%          2    None
 Call Imp                 Summ           ##......     2%          2    None
 Slow                     Hex            ##......     2%          2    None
 Force Lance              Conj/Tloc      ####....     2%          4    None
 Fulminant Prism          Conj/Hex       ####......   2%          4    None
 Summon Ice Beast         Ice/Summ       #####...     2%          4    None
 Spectral Weapon          Hex/Chrm       ###.....     3%          3    None
 Iskenderun's Battlesphe  Conj/Chrm      #####...     5%          5    ###....
 Confuse                  Hex            ##......     6%          3    None
 Lesser Beckoning         Tloc           ##........   6%          3    None
 Recall                   Summ/Tloc      N/A          6%          3    None
 Summon Guardian Golem    Hex/Summ       ##......     6%          3    None
 Tukima's Dance           Hex            ##......     6%          3    None
 Leda's Liquefaction      Hex/Erth       ###.......   8%          4    None
 Venom Bolt               Conj/Pois      ####......   9%          5    ###....
 Cause Fear               Hex            ##........   17%         4    None
 Olgreb's Toxic Radiance  Pois           ##......     17%         4    None
 Alistair's Intoxication  Tmut/Pois      ##......     43%         5    ###....
 Summon Mana Viper        Hex/Summ       ##......     43%         5    ###....
 Haunt                    Necr/Summ      #####.....   52%         7    ######.
 Spellforged Servitor     Conj/Summ      ####......   91%         7    ######.
 Invisibility             Hex            ##......     93%         6    #####..
 Shadow Creatures         Summ           N/A          93%         6    #####..
 Malign Gateway           Summ/Tloc      ##........   100%        7    ######.
 Ring of Flames           Chrm/Fire      ###.......   100%        7    ######.
 Borgnjor's Revivificati  Necr           ######....   24%         8    #######
 Infestation              Necr           ######....   24%         8    #######
 Death's Door             Chrm/Necr      ######....   96%         8    #######
 Necromutation            Tmut/Necr      #####.....   99%         8    #######
 Controlled Blink         Tloc           N/A          100%        8    #######
 Dragon's Call            Summ           ##........   100%        9    #######


Dungeon Overview and Level Annotations

Branches:
Dungeon (15/15)            Temple (0/1) D:5            Lair (6/6) D:8
  Swamp (4/4) Lair:2       Spider (4/4) Lair:3        Slime (0/5) Lair:6
    Orc (2/2) D:12            Elf (0/3) Orc:2        Vaults (4/5) D:14
  Crypt (0/3) Vaults:3     Depths (2/5) D:15

Altars:
Cheibriados
Kikubaaqudgha
Ru
Sif Muna
Trog
Uskayaw
Xom
Yredelemnul

Shops:
D:11 *   D:13 *   D:15 %   Orc:1 (?*   Orc:2 *%((   Vaults:3 *   Vaults:4 =
Depths:1 *

Portals:
Hell: Depths:1 Depths:2
Ziggurat: Depths:1
Trove: D:11 (give +5 fire dragon scales)

Annotations:
Lair:5 1 runed translucent door


Innate Abilities, Weirdness & Mutations

You can spit globs of acid.
Your golden yellow scales are hard. (AC +10)
You cannot fit into any form of body armour.
You have acidic saliva.
You are cold-blooded and may be slowed by cold attacks.


Message History

Your ogre mage skeleton hits the fire dragon.
Casting: Dispel Undead (safe; 1% risk of failure)
Confirm with . or Enter, or press ? or * to list all spells.
Aiming: Borgnjor's Vile Clutch (safe; 1% risk of failure)
Press: ? - help, Dir - move target cursor, f - fire dragon
Aim: a fire dragon (heavily wounded)
You miscast Borgnjor's Vile Clutch.
You are very lightly contaminated with residual magic.
You hear a distant rumble.
The flayed ghost cries, "Suffer as I suffered!"
Terrible wounds open up all over your body!
The fire dragon breathes flames at you.
The blast of flame hits your ettin zombie!!!
Your ettin zombie is destroyed!
The blast of flame hits you!!
* * * LOW HITPOINT WARNING * * *
The fire giant gestures at you while chanting.
The bolt of fire hits you!!!
You die...
Kikubaaqudgha rasps: "You have failed me!
Welcome... death!"

####.#....<.......§.........
#....#..#........§..........
#.#<....#......#####.......#
#.#####.##....## ##.....##
#. ..........## ##....# ##
...#.#....# #....# #.#....#
#.....# #.#....# ..∩...
#....@)## ###.#..D#
...#)ZC.# .....#..C....
####......W.....
............. ..............
##.#...###..# #.#..## #.#


You could see 2 fire giants, a fire dragon, a flayed ghost and a friendly ogre
mage skeleton.

Vanquished Creatures
  Jory (Vaults:4)
  A bone dragon (Vaults:3)
  2 liches
  2 storm dragons (Vaults:4)
  Kirke (Lair:5)
  A tengu reaver (Vaults:4)
  An orc warlord (Orc:2)
  A fire giant (D:15)
  Louise (Swamp:4)
  3 vault wardens
  3 deep elf sorcerers
  5 emperor scorpions
  3 ghost moths
  The ghost of Ysuot the Spear-Bearer, a journeyman OpWn of Okawaru (Swamp:4)
  11 ironheart preservers
  11 stone giants
  A reaper (IceCv)
  15 very ugly things
  2 entropy weavers
  2 spark wasps (Spider:4)
  3 dire elephants (Lair:6)
  Snorg (Lair:6)
  3 ettins
  A merfolk javelineer (Depths:1)
  Josephine (D:10)
  5 yaktaur captains
  3 great orbs of eyes
  11 ogre magi
  Fannar (Lair:1)
  Harold (D:10)
  4 ice dragons
  4 vault guards (D:14)
  2 ghost crabs
  2 death knights
  15 hydras
  Erica (Lair:1)
  An anaconda (Lair:6)
  2 shambling mangroves
  39 two-headed ogres
  10 centaur warriors
  6 dancing weapons (Spider:3)
  A deep troll shaman (Vaults:2)
  10 alligators
  4 deep troll earth magi
  3 vampire magi (D:12)
  6 tengu warriors
  3 hell knights
  A spriggan berserker (Depths:2)
  2 deep elf knights
  3 shadow wraiths
  A storm dragon skeleton (D:14)
  A swamp dragon (shapeshifter) (Vaults:4)
  3 unseen horrors
  4 swamp dragons
  A spriggan druid (Swamp:3)
  2 glowing orange brains (Depths:1)
  3 deep trolls
  A flayed ghost (Vaults:1)
  A phantasmal warrior (Vaults:1)
  3 wizards
  3 deep elf archers
  5 harpies (Vaults:1)
  2 necromancers
  13 orb spiders
  6 ironbrand convokers
  2 manticores
  3 orc sorcerers
  47 ugly things
  17 deep elf magi
  11 orc knights
  28 wolf spiders
  7 elephants
  2 cyclopes
  3 black mambas
  2 ice statues (IceCv)
  A black mamba (shapeshifter) (Vaults:3)
  A moth of wrath (Spider:3)
  11 vault sentinels
  A centaur zombie (D:13)
  4 naga magi (D:12)
  2 torpor snails (Spider:4)
  An orange demon (Swamp:4)
  2 gargoyles
  13 spiny frogs
  Joseph (D:10)
  3 efreet (D:15)
  A kobold demonologist (D:9)
  5 komodo dragons
  3 rime drakes
  7 freezing wraiths
  23 yaktaurs
  5 demonic crawlers
  9 ice devils (IceCv)
  4 trolls
  3 tengu conjurers
  13 tyrant leeches
  35 jumping spiders
  A meliai (D:9)
  A polar bear (Lair:5)
  A wolf spider simulacrum (D:14)
  A polar bear (shapeshifter) (Vaults:3)
  16 hornets
  16 slime creatures
  Grinder (D:6)
  A large abomination (Swamp:4)
  10 hippogriffs
  9 bog bodies
  4 blink frogs (Lair:6)
  A human simulacrum (Vaults:3)
  A stone giant simulacrum (Vaults:1)
  2 spriggans
  A vampire (D:13)
  41 tarantellas
  77 redbacks
  26 yaks
  5 shadows
  2 water elementals (Depths:1)
  A human (D:6)
  8 hogs
  3 wyverns
  9 wraiths
  3 basilisks
  2 fire bats (Orc:2)
  A hungry ghost (D:9)
  2 steam dragons
  8 vampire mosquitoes
  12 insubstantial wisps
  4 wargs
  2 acid dragons
  15 swamp worms
  Duvessa (D:6)
  11 water moccasins
  9 swamp drakes
  2 porcupines
  Purgy (Sewer)
  A hornet zombie (D:14)
  16 ice beasts
  47 orc warriors
  2 eyes of draining (shapeshifter)
  2 eyes of draining
  3 phantoms
  3 black bears
  4 sky beasts
  2 necrophages (D:12)
  19 wolves
  33 ogres
  2 boggarts (Depths:1)
  26 centaurs
  9 crocodiles
  2 big kobolds
  13 bullfrogs
  2 earth elementals (D:11)
  3 wyvern zombies
  An elf skeleton (D:12)
  Dowan (D:6)
  A scorpion (D:4)
  A wyvern skeleton (D:9)
  A killer bee (D:10)
  A troll skeleton (D:12)
  12 wights
  2 vampire bats (D:2)
  2 electric eels
  A howler monkey (D:7)
  3 bullfrog zombies
  12 crimson imps
  A yaktaur simulacrum (Vaults:1)
  3 hounds
  Crazy Yiuf (D:7)
  8 jellies
  29 orc wizards
  4 centaur skeletons
  5 human zombies (D:12)
  23 orc priests
  A gnoll shaman (D:5)
  3 iguanas
  3 bullfrog skeletons
  Jessica (D:2)
  Ijyb (D:4)
  11 worker ants
  An ogre zombie (Orc:1)
  2 hound zombies (D:5)
  A hound skeleton (D:7)
  A mummy (D:12)
  A worker ant zombie (D:10)
  A howler monkey skeleton (D:6)
  14 gnolls
  9 adders
  4 shadow imps
  4 white imps (IceCv)
  11 ufetubi (IceCv)
  6 oozes
  An adder skeleton (D:5)
  5 worms
  3 leopard geckos
  91 orcs
  13 bats
  4 bat skeletons (D:2)
  2 bat zombies (D:2)
  4 giant cockroaches
  3 goblins
  5 hobgoblins
  12 jackals
  9 kobolds
  6 quokkas
  2 ball pythons
  7 frilled lizards
  A leopard gecko zombie (D:9)
  6 rats
  2 fungi
  3 plants (Lair:6)
1402 creatures vanquished.

Vanquished Creatures (collateral kills)
  Arachne (Spider:4)
  A tentacled monstrosity (Swamp:4)
  A lich (Depths:2)
  2 thorn hunters
  A fire giant (Depths:2)
  A vault warden (Vaults:4)
  An ironheart preserver (Vaults:4)
  A ghoul (Vaults:4)
  An emperor scorpion (Spider:2)
  A war gargoyle (Vaults:2)
  2 entropy weavers
  A deep elf annihilator (Vaults:3)
  An ettin (Depths:2)
  A merfolk impaler (Depths:1)
  2 green deaths (Swamp:4)
  3 yaktaur captains
  A great orb of eyes (Depths:1)
  2 ice dragons
  9 hydras
  A shambling mangrove (Swamp:1)
  A centaur warrior (Vaults:2)
  5 two-headed ogres
  A catoblepas (Lair:3)
  8 alligators
  A dancing weapon (Spider:3)
  A tengu warrior (Depths:1)
  A thrashing horror (Swamp:4)
  3 ogre magi
  A slime creature (Vaults:3)
  A storm dragon skeleton (D:14)
  3 hell knights (Depths:1)
  4 swamp dragons
  A deep troll (Vaults:3)
  5 ironbrand convokers
  A phantasmal warrior (Vaults:4)
  2 orb spiders (Spider:1)
  5 ugly things
  2 orc knights
  A deep elf mage (Vaults:3)
  5 wolf spiders
  A moth of wrath (Spider:4)
  6 elephants (Lair:4)
  3 spiny frogs
  An orange demon (Swamp:4)
  4 demonic crawlers
  A komodo dragon (Lair:4)
  2 yaktaurs
  10 jumping spiders
  5 tyrant leeches
  A queen bee (shapeshifter) (Depths:1)
  A polar bear (shapeshifter) (Depths:1)
  7 hornets
  A harpy skeleton (D:14)
  2 hippogriffs
  A wraith (Vaults:1)
  2 spriggans (Swamp:1)
  A vampire (Swamp:3)
  21 redbacks
  11 tarantellas
  A wyvern (Lair:5)
  2 water elementals (Depths:1)
  5 yaks
  2 hogs (Lair:5)
  A basilisk (Lair:2)
  A shadow (Swamp:4)
  3 vampire mosquitoes
  8 insubstantial wisps
  A warg (Vaults:1)
  3 swamp worms
  2 porcupines
  A water moccasin (Lair:6)
  2 swamp drakes
  An orc warrior (Vaults:2)
  An ice beast (Lair:5)
  2 ogres
  A boggart (Depths:1)
  7 wolves (Lair:6)
  3 centaurs
  8 crocodiles
  2 bullfrogs
  A wyvern skeleton (D:12)
  An electric eel (D:14)
  A crimson imp (D:12)
  2 centaur skeletons (D:12)
  4 orc priests
  6 orcs
  3 fungi (Lair:5)
  A plant (Lair:6)
243 creatures vanquished.

Vanquished Creatures (others)
  A thorn hunter (Swamp:2)
  2 stone giants
  3 yaktaur captains
  A centaur warrior (Vaults:2)
  A cyclops (D:13)
  3 yaktaurs (Vaults:4)
  A blink frog (Lair:6)
  A vampire mosquito (Swamp:2)
  An insubstantial wisp (Swamp:4)
  4 orc warriors
  7 centaurs
  A water moccasin zombie (D:5)
  An orc wizard (D:10)
  5 ufetubi (IceCv)
  5 orcs
  A briar patch (Swamp:3)
  A fungus (Lair:5)
  4 plants
43 creatures vanquished.

Grand Total: 1688 creatures vanquished

Notes
Turn   | Place    | Note
-------+----------+-------------------------------------------
     0 | D:1      | LostNumber the Draconian Conjurer began the quest for the
                  | Orb.
     0 | D:1      | Reached XP level 1. HP: 14/14 MP: 3/3
   381 | D:1      | Reached XP level 2. HP: 20/20 MP: 3/5
   385 | D:1      | Learned a level 2 spell: Searing Ray
  1249 | D:2      | Reached XP level 3. HP: 26/26 MP: 3/6
  1251 | D:2      | Noticed Jessica
  1433 | D:2      | Killed Jessica
  1433 | D:2      | Reached skill level 5 in Conjurations
  1616 | D:2      | Learned a level 3 spell: Dazzling Spray
  1777 | D:2      | Reached XP level 4. HP: 26/33 MP: 0/8
  2243 | D:2      | Found an ancient bone altar of Kikubaaqudgha.
  2304 | D:2      | Reached XP level 5. HP: 38/38 MP: 6/9
  2451 | D:2      | Became a worshipper of Kikubaaqudgha
  3150 | D:3      | Found a bloodstained altar of Trog.
  3294 | D:3      | Reached * piety under Kikubaaqudgha
  3294 | D:3      | Identified Kikubaaqudgha's Tome of Darkness (Kikubaaqudgha
                  | gifted it to you on level 3 of the Dungeon)
  3294 | D:3      | Received a gift from Kikubaaqudgha
  3451 | D:3      | Learned a level 4 spell: Iskenderun's Mystic Blast
  3706 | D:4      | Reached XP level 6. HP: 27/45 MP: 2/11
  4070 | D:4      | Noticed Ijyb
  4099 | D:4      | Killed Ijyb
  4254 | D:4      | You fall through a shaft for 3 floors!
  4264 | D:7      | Found a sacrificial altar of Ru.
  4638 | D:6      | Noticed Dowan
  4659 | D:6      | Learned a level 3 spell: Regeneration
  4801 | D:6      | Noticed a water moccasin
  4801 | D:6      | Noticed an ice beast
  4810 | D:6      | Killed a water moccasin
  4810 | D:6      | Your scales start taking on a golden yellow colour.
  4810 | D:6      | Reached XP level 7. HP: 49/50 MP: 8/13
  5139 | D:6      | Reached skill level 5 in Spellcasting
  5139 | D:6      | Reached skill level 1 in Necromancy
  5246 | D:5      | Entered Level 5 of the Dungeon
  5254 | D:5      | Found a staircase to the Ecumenical Temple.
  5260 | D:5      | Reached skill level 1 in Fighting
  5381 | D:5      | Found a glowing drain.
  5428 | Sewer    | Entered a sewer
  5436 | Sewer    | Reached ** piety under Kikubaaqudgha
  5452 | Sewer    | Noticed Purgy
  5466 | Sewer    | Killed Purgy
  5466 | Sewer    | Reached XP level 8. HP: 54/59 MP: 3/15
  5845 | D:4      | Reached skill level 2 in Fighting
  6630 | D:5      | Reached skill level 1 in Charms
  6648 | D:5      | Reached skill level 3 in Fighting
  6770 | D:5      | Found a hide-covered altar of Uskayaw.
  7716 | D:6      | Reached XP level 9. HP: 71/71 MP: 8/18
  7815 | D:6      | Noticed Duvessa
  7827 | D:6      | Killed Duvessa
  7827 | D:6      | Reached skill level 4 in Fighting
  7830 | D:6      | Killed Dowan
  8100 | D:6      | Learned a level 1 spell: Apportation
  8103 | D:6      | Noticed Grinder
  8118 | D:6      | Killed Grinder
  8283 | D:6      | Reached skill level 5 in Fighting
  8321 | D:6      | Reached *** piety under Kikubaaqudgha
  8321 | D:6      | Identified Kikubaaqudgha's Incunabulum of Darkness
                  | (Kikubaaqudgha gifted it to you on level 6 of the Dungeon)
  8321 | D:6      | Received a gift from Kikubaaqudgha
  8329 | D:6      | Learned a level 5 spell: Borgnjor's Vile Clutch
  8521 | D:6      | Found a snail-covered altar of Cheibriados.
  8670 | D:7      | Reached skill level 1 in Earth Magic
  9038 | D:6      | Reached skill level 5 in Necromancy
  9209 | D:7      | Found a runed translucent door.
  9210 | D:7      | Noticed Crazy Yiuf
  9502 | D:7      | Reached XP level 10. HP: 73/81 MP: 11/20
  9679 | D:7      | Killed Crazy Yiuf
  9782 | D:8      | Reached **** piety under Kikubaaqudgha
  9967 | D:8      | Found a staircase to the Lair.
 10134 | D:8      | Got a flickering marble ring
 10523 | D:8      | Identified the cursed ring "Miesox" {rC+ Int-6} (You found
                  | it on level 8 of the Dungeon)
 10527 | D:8      | Identified a scroll of acquirement
 10570 | D:8      | Learned a level 4 spell: Animate Dead
 10627 | D:9      | You fall through a shaft for 3 floors!
 10628 | D:12     | Noticed a two-headed ogre
 10635 | D:12     | Killed a two-headed ogre
 10774 | D:12     | Found Faeryphupih's Weapon Emporium.
 10779 | D:12     | Noticed a two-headed ogre
 10790 | D:12     | Killed a two-headed ogre
 10866 | D:12     | Noticed a naga mage
 10925 | D:12     | Noticed a two-headed ogre
 10934 | D:12     | Killed a two-headed ogre
 10934 | D:12     | Reached skill level 10 in Necromancy
 11290 | D:11     | Reached XP level 11. HP: 78/86 MP: 13/21
 11705 | D:11     | Found Zekioc's Pet Rocks.
 11958 | D:11     | Reached skill level 1 in Evocations
 12029 | D:11     | Found a portal to a secret trove of treasure.
 12283 | D:11     | Reached skill level 5 in Dodging
 12284 | D:11     | Reached ***** piety under Kikubaaqudgha
 13059 | D:10     | Entered Level 10 of the Dungeon
 13570 | D:9      | Reached skill level 6 in Fighting
 13643 | D:9      | Noticed a deep elf mage
 13834 | D:10     | Noticed Josephine
 13968 | D:9      | Learned a level 5 spell: Dispel Undead
 13975 | D:10     | Killed Josephine
 14064 | D:10     | Noticed Joseph
 14134 | D:10     | Killed Joseph
 14316 | D:10     | Noticed Harold
 14328 | D:10     | Killed Harold
 14871 | D:10     | Reached XP level 12. HP: 50/97 MP: 9/24
 14957 | D:10     | Reached skill level 7 in Fighting
 15464 | D:10     | Noticed a seven-headed hydra
 15475 | D:10     | Killed a seven-headed hydra
 15723 | Lair:1   | Entered Level 1 of the Lair of Beasts
 15732 | Lair:1   | Noticed Erica
 15905 | Lair:1   | Killed Erica
 16661 | Lair:1   | Noticed Fannar
 16672 | Lair:1   | Killed Fannar
 16672 | Lair:1   | Reached skill level 8 in Fighting
 17719 | Lair:2   | Found a staircase to the Swamp.
 18897 | Lair:3   | Reached skill level 9 in Fighting
 20300 | Lair:3   | Found a hole to the Spider Nest.
 20496 | Lair:3   | Noticed a catoblepas
 20510 | Lair:3   | Killed a catoblepas
 20602 | Lair:4   | Reached XP level 13. HP: 106/111 MP: 16/26
 20773 | Lair:4   | Reached ****** piety under Kikubaaqudgha
 21439 | Lair:4   | Reached skill level 10 in Spellcasting
 21444 | Lair:4   | Reached skill level 10 in Fighting
 21932 | Lair:4   | Learned a level 6 spell: Simulacrum
 22055 | Lair:5   | Noticed Kirke
 22072 | Lair:5   | Killed Kirke
 22194 | Lair:5   | Found a frozen archway.
 22218 | IceCv    | Entered an ice cave
 23178 | IceCv    | Noticed a reaper
 23195 | IceCv    | Reached skill level 1 in Ice Magic
 23197 | IceCv    | Killed a reaper
 23197 | IceCv    | Reached skill level 1 in Shields
 23735 | Lair:5   | Found a runed translucent door.
 24236 | Lair:6   | Entered Level 6 of the Lair of Beasts
 24408 | Lair:6   | Found a staircase to the Slime Pits.
 24772 | Lair:6   | Noticed Snorg
 24787 | Lair:6   | Killed Snorg
 25412 | Lair:6   | Gained mutation: You have acidic saliva. [Yellow Draconian
                  | growth]
 25412 | Lair:6   | Reached XP level 14. HP: 102/122 MP: 10/28
 25705 | Lair:6   | Reached skill level 11 in Fighting
 26236 | D:9      | Got a fine sapphire amulet
 26238 | D:9      | Identified the amulet of Kindness {Reflect *Slow rPois
                  | Str+2 SH+2} (You found it on level 9 of the Dungeon)
 26408 | D:12     | Reached skill level 1 in Polearms
 26723 | D:12     | Found a staircase to the Orcish Mines.
 26999 | D:12     | Found an ancient bone altar of Kikubaaqudgha.
 27427 | D:12     | HP: 4/186 [vampire mage/vampiric draining (23)]
 27728 | D:12     | Identified the Handbook of Toxic Protection
 27747 | D:12     | Reached skill level 5 in Ice Magic
 27774 | D:12     | Identified Antet's Reference Book on Confrontation
 27798 | D:12     | Found a deep blue altar of Sif Muna.
 27950 | D:12     | Identified the Grimoire of Quantum Attacks
 27989 | D:12     | Noticed a deep elf sorcerer
 28000 | D:12     | Killed a deep elf sorcerer
 28088 | D:12     | Identified the Papyrus of the Oath and Talismans
 28090 | D:12     | Identified the Guide on Sinister Rituals
 28104 | D:12     | Identified the Incunabulum of the Escort
 28106 | D:12     | Identified the Collected Works on Excruciating Sinister
                  | Rites
 28123 | D:12     | Noticed a deep elf sorcerer
 28238 | D:12     | Killed a deep elf sorcerer
 28564 | D:13     | Reached skill level 10 in Dodging
 28914 | D:13     | Found Fitroth's Assorted Antiques.
 28944 | D:13     | Bought a scroll of identify for 56 gold pieces
 29513 | D:13     | Reached skill level 5 in Polearms
 29543 | D:13     | Identified a +5 demon trident of pain (a +3 demon trident
                  | of venom bloodied by Kikubaaqudgha)
 29543 | D:13     | Received a gift from Kikubaaqudgha
 30435 | D:14     | Found a gate to the Vaults.
 30472 | D:14     | Reached XP level 15. HP: 100/132 MP: 16/30
 31902 | D:15     | Entered Level 15 of the Dungeon
 32172 | D:15     | Reached skill level 12 in Fighting
 32172 | D:15     | Reached skill level 5 in Shields
 32183 | D:15     | Found a staircase to the Depths.
 32183 | D:15     | Noticed a fire giant
 32297 | Orc:1    | Entered Level 1 of the Orcish Mines
 32704 | Orc:1    | Found Dito's Weapon Boutique.
 32929 | Orc:1    | Found Abbuzog's Magic Scroll Shop.
 32941 | Orc:1    | Bought a scroll of teleportation for 42 gold pieces
 32941 | Orc:1    | Bought a scroll of teleportation for 42 gold pieces
 32941 | Orc:1    | Bought a scroll of teleportation for 42 gold pieces
 32951 | Orc:1    | Found Finizi Nueg's Assorted Antiques.
 32970 | Orc:1    | Bought a scroll of teleportation for 93 gold pieces
 33475 | Orc:2    | Entered Level 2 of the Orcish Mines
 33482 | Orc:2    | Found a staircase to the Elven Halls.
 33491 | Orc:2    | Noticed an orc warlord
 34705 | Orc:2    | Killed an orc warlord
 34755 | Orc:2    | Found Hajifurr's Weapon Emporium.
 34755 | Orc:2    | Found Viaguik's Food Boutique.
 34757 | Orc:2    | Found Cazelown's General Store.
 34759 | Orc:2    | Found Waosotso's Weapon Shoppe.
 34766 | Orc:2    | Bought a scroll of blinking for 120 gold pieces
 34766 | Orc:2    | Bought a scroll of enchant weapon for 120 gold pieces
 35477 | Swamp:1  | Entered Level 1 of the Swamp
 36869 | Swamp:1  | Reached XP level 16. HP: 113/141 MP: 18/31
 36956 | Swamp:2  | Noticed a thorn hunter
 36966 | Swamp:1  | Killed a thorn hunter
 37339 | Swamp:2  | Noticed a thorn hunter
 37362 | Swamp:2  | Killed a thorn hunter
 38453 | Swamp:2  | Reached skill level 13 in Fighting
 39148 | Swamp:3  | Reached skill level 10 in Polearms
 39174 | Swamp:3  | Found the +3 robe of Clouds {+Thunder rCloud rElec}
 39222 | Swamp:3  | Noticed a thorn hunter
 39232 | Swamp:3  | Killed a thorn hunter
 40398 | Swamp:4  | Entered Level 4 of the Swamp
 40402 | Swamp:4  | Found a large runed translucent door.
 40402 | Swamp:4  | Found a large runed translucent door.
 40452 | Swamp:4  | Noticed Louise
 41629 | Swamp:4  | Killed Louise
 42034 | Swamp:4  | Noticed Ysuot's ghost (journeyman OpWn)
 43062 | Swamp:4  | Noticed a tentacled monstrosity
 43311 | Swamp:4  | Killed Ysuot's ghost
 43614 | Spider:1 | Entered Level 1 of the Spider Nest
 43655 | Spider:1 | Reached XP level 17. HP: 151/151 MP: 21/33
 43898 | Spider:1 | Reached skill level 15 in Necromancy
 44795 | Spider:2 | Reached skill level 14 in Fighting
 45582 | Spider:3 | Found a runed translucent door.
 47723 | Spider:4 | Entered Level 4 of the Spider Nest
 47867 | Spider:4 | Noticed Arachne
 48145 | Spider:4 | Reached skill level 10 in Shields
 48151 | Spider:4 | Killed Arachne
 48719 | Spider:4 | Reached XP level 18. HP: 128/161 MP: 20/34
 49038 | Spider:4 | Learned a level 6 spell: Freezing Cloud
 49118 | Spider:4 | Reached skill level 1 in Air Magic
 49917 | Spider:4 | Reached skill level 15 in Fighting
 50075 | Spider:4 | Got a gossamer rune of Zot
 50440 | Swamp:4  | Killed a tentacled monstrosity
 50647 | Swamp:4  | Got a decaying rune of Zot
 51016 | Vaults:1 | Entered Level 1 of the Vaults
 51049 | Vaults:1 | Found a shimmering altar of Xom.
 51227 | Vaults:1 | Found a flickering gateway to a bazaar.
 51232 | Bazaar   | Entered a bazaar
 51430 | Bazaar   | Found Muasa's Jewellery Boutique.
 51452 | Bazaar   | Found Oroatuef's Antique Weapon Emporium.
 51469 | Bazaar   | Found Goshruf's Book Boutique.
 51474 | Bazaar   | Bought a Necronomicon for 993 gold pieces
 51486 | Bazaar   | Found Utsoig's Antique Armour Shoppe.
 51491 | Bazaar   | Bought a glowing cloak for 97 gold pieces
 51518 | Bazaar   | Bought a +5 amulet of reflection for 494 gold pieces
 51724 | Vaults:1 | Reached skill level 5 in Air Magic
 53766 | Vaults:2 | Reached XP level 19. HP: 172/172 MP: 35/35
 54132 | Vaults:2 | Reached skill level 16 in Fighting
 55030 | Vaults:2 | Identified Cimyoma's Catalogue of the Voyage
 55922 | Vaults:3 | Noticed a bone dragon
 55923 | Vaults:3 | Found a staircase to the Crypt.
 55928 | Vaults:3 | Killed a bone dragon
 56170 | Vaults:3 | Found Fuqirphu's Assorted Antiques.
 56178 | Vaults:3 | Bought a potion of heal wounds for 180 gold pieces
 56178 | Vaults:3 | Bought a potion of haste for 360 gold pieces
 56178 | Vaults:3 | Bought a potion of curing for 108 gold pieces
 56284 | Vaults:3 | Reached skill level 17 in Fighting
 56858 | Vaults:4 | Noticed Jory
 57070 | Vaults:4 | Killed Jory
 57404 | Vaults:4 | Reached XP level 20. HP: 140/184 MP: 30/36
 57602 | Vaults:4 | Reached skill level 15 in Shields
 58261 | Vaults:4 | Found Olonuer's Jewellery Shoppe.
 59375 | D:15     | Found Gesoer's Food Shop.
 59412 | D:15     | Found a basalt altar of Yredelemnul.
 60206 | Depths:1 | Entered Level 1 of the Depths
 60500 | Depths:1 | Found Ykadgh's Island Escapes.
 60518 | Depths:1 | Reached skill level 18 in Fighting
 60536 | Depths:1 | Paralysed by a great orb of eyes for 3 turns
 60885 | Depths:1 | Found a gateway to a ziggurat.
 61540 | Depths:1 | Found a gateway to Hell.
 61992 | Depths:2 | Reached skill level 10 in Ice Magic
 61993 | Depths:2 | Killed from afar by a fire giant

Skill      XL: |  1  2  3  4  5  6  7  8  9 10 11 12 13 14 15 16 17 18 19 20 |
---------------+-------------------------------------------------------------+-----
Conjurations   | 5 6 7 8 9 |  9.0
Spellcasting   | 3 4 5 6 7 8 9 10 11 12 | 12.9
Dodging        | 2 3 4 6 8 9 10 11 | 11.2
Necromancy     | 2 4 5 10 11 12 13 14 15 | 15.0
Fighting       | 1 3 5 6 9 10 11 12 13 14 15 17 18 | 18.2
Charms         | 2 |  2.0
Earth Magic    | 3 4 |  4.1
Evocations     | 3 4 |  4.0
Ice Magic      | 3 5 7 8 10 | 10.0
Shields        | 3 4 6 8 10 11 14 15 | 15.0
Polearms       | 5 9 11 13 14 | 14.0
Air Magic      | 7 8 |  8.0
Stealth        | |  1.7

Action                   |  1- 3 |  4- 6 |  7- 9 | 10-12 | 13-15 | 16-18 | 19-21 || total
-------------------------+-------+-------+-------+-------+-------+-------+-------++-------
Melee: Unarmed           |    28 |    38 |       |       |       |       |       ||    66
       Tailslap          |     4 |     7 |     5 |    26 |   112 |   143 |    78 ||   375
       Morningstar       |       |       |    38 |       |       |       |       ||    38
       Flail             |       |       |    17 |   304 |   285 |       |       ||   606
       Demon trident     |       |       |       |       |   665 |  1283 |   811 ||  2759
       Bite              |       |       |       |       |    54 |   116 |    65 ||   235
 Cast: Magic Dart        |    41 |   117 |   190 |   135 |    15 |       |       ||   498
       Searing Ray       |     8 |    10 |    37 |    33 |     6 |       |       ||    94
       Dazzling Spray    |       |       |     4 |     1 |       |       |       ||     5
       Borgnjor's Vile C |       |       |       |    71 |   173 |   207 |    86 ||   537
       Iskenderun's Myst |       |       |       |    17 |    33 |       |     4 ||    54
       Animate Dead      |       |       |       |    23 |    61 |    77 |    33 ||   194
       Dispel Undead     |       |       |       |     2 |    16 |    11 |    17 ||    46
       Regeneration      |       |       |       |       |     2 |     3 |     4 ||     9
       Simulacrum        |       |       |       |       |       |     9 |     9 ||    18
Invok: Receive Corpses   |       |       |       |     4 |     5 |    10 |     4 ||    23
       Brand Weapon With |       |       |       |       |     1 |       |       ||     1
 Abil: Breathe Acid      |       |       |    36 |    38 |    22 |     6 |       ||   102
Evoke: Wand              |       |       |       |     2 |     3 |     2 |       ||     7
  Use: Scroll            |       |     6 |     1 |    12 |    19 |    17 |     2 ||    57
       Potion            |       |       |       |       |     2 |     2 |     1 ||     5
 Stab: Invisible         |       |       |     1 |       |       |       |       ||     1
       Sleeping          |       |       |       |     2 |    10 |     9 |     4 ||    25
       Distracted        |       |       |       |     5 |     9 |    14 |     4 ||    32
       Held in net/web   |       |       |       |       |       |     1 |       ||     1
  Eat: Chunk             |     4 |     6 |    21 |    36 |    55 |    63 |    27 ||   212
       Ration            |       |     1 |       |     9 |    11 |     9 |     5 ||    35
Armor: Skin              |    42 |    36 |    49 |   189 |   349 |   315 |    65 ||  1045
Dodge: Dodged            |    55 |    69 |   108 |   348 |   754 |   692 |   157 ||  2183
Block: Other             |       |    11 |    38 |    76 |    63 |       |       ||   188
       Reflection        |       |       |       |     5 |    52 |    11 |    91 ||   159
       Buckler           |       |       |       |       |   320 |   392 |    27 ||   739
       Shield            |       |       |       |       |       |       |   296 ||   296
